 Dungeon Crawl Stone Soup version 0.20.1-1-g8b1a95d (webtiles) character file.

37 darkhara the Firebug (level 3, 0/26 HPs)
             Began as a Demigod Fire Elementalist on Sept 6, 2017.
             Slain by an orc
             ... wielding a +0 flail
              (6 damage)
             ... on level 3 of the Dungeon.
             The game lasted 00:03:42 (664 turns).

darkhara the Firebug (Demigod Fire Elementalist)     Turns: 664, Time: 00:03:43

Health: 0/26       AC:  3    Str: 14    XL:     3   Next: 8%
Magic:  1/9        EV: 15    Int: 21    God:
Gold:   50         SH:  0    Dex: 16    Spells: 5/6 levels left

rFire    . . .     SeeInvis .   g - +0 mace
rCold    . . .     Gourm    .   (no shield)
rNeg     . . .     Faith    .   a - +0 robe
rPois    .         Spirit   .   (no helmet)
rElec    .         Reflect  .   (no cloak)
rCorr    .         Harm     .   (no gloves)
MR       .....                  i - +0 pair of boots
Stlth    ++........             (no amulet)
Regen    0.1/turn               d - +2 ring of evasion
MPRegen  0.2/turn               l - +3 ring of strength

@: no status effects
A: high mp 1
a: no special abilities


You were on level 3 of the Dungeon.
You were not hungry.

You visited 1 branch of the dungeon, and saw 3 of its levels.

You collected 50 gold pieces.

Inventory:

Hand Weapons
 g - a +0 mace (weapon)
Armour
 a - a +0 robe (worn)
 i - a +0 pair of boots (worn)
Jewellery
 d - a +2 ring of evasion (left hand)
 l - a +3 ring of strength (right hand)
Scrolls
 j - a scroll of teleportation {unknown}
 k - a scroll of magic mapping {unknown}
Potions
 e - a potion of berserk rage {unknown}
 h - 2 potions of curing {unknown}
 m - a potion of heal wounds
Books
 b - a book of Flames

   Spells                             Type                      Level
   a - Flame Tongue                   Conjuration/Fire             1
   b - Throw Flame                    Conjuration/Fire             2
   c - Conjure Flame                  Conjuration/Fire             3
   d - Inner Flame                    Hexes/Fire                   3
   e - Sticky Flame                   Conjuration/Fire             4
   f - Fireball                       Conjuration/Fire             5
Comestibles
 c - 3 bread rations
 f - a fruit


   Skills:
 + Level 2.1 Dodging
 + Level 1.9 Stealth
 + Level 2.2 Spellcasting
 + Level 1.1 Conjurations
 + Level 3.1 Fire Magic


You had 5 spell levels left.
You knew the following spells:

 Your Spells              Type           Power        Failure   Level  Hunger
a - Flame Tongue          Conj/Fire      ##...        6%          1    #......


Dungeon Overview and Level Annotations

Branches:
Dungeon (3/15)

Annotations:
D:3 Sigmund


Innate Abilities, Weirdness & Mutations

You have an increased reservoir of magic. (+10% MP)


Message History

Confirm with . or Enter, or press ? or * to list all spells.
Aiming: Flame Tongue
Press: ? - help, Shift-Dir - straight line, f/p - orc
Aim: an orc, wielding a flail and wearing a ring mail The flame tongue hits the orc.
The orc appears unharmed.
You see here 2 tomahawks.
The orc closely misses you. Something hits you.
Casting: Flame Tongue
Confirm with . or Enter, or press ? or * to list all spells.
Aiming: Flame Tongue
Press: ? - help, Shift-Dir - straight line, f/p - orc
Aim: an orc, wielding a flail and wearing a ring mail The flame tongue misses the orc.
The orc misses you. Something hits you!
* * * LOW HITPOINT WARNING * * *
Casting: Flame Tongue
Confirm with . or Enter, or press ? or * to list all spells.
You don't have enough magic to cast that spell.
Unknown command.
The orc hits you with a flail.
You die...

#..............†## #.#....
##..##..#.##....# #......
##.##.#..##.#######...####
#..........# #.....# #
#..##......## #....## ..
..##......# #....##..#
#..........# #.........
#........#.######....##..#
###....>.@.##........##.#
#......#o##.####.#....##
#...........###..#.##...
#..................# ##
#######............#
#.......##.......##
#####..#####.##.......#
.......(# #.##.......#
........#
##.##...†...#####


You could see an orc.

Vanquished Creatures
  An adder (D:3)
  A leopard gecko (D:3)
  7 orcs (D:3)
  A giant cockroach (D:3)
  2 goblins
  A hobgoblin (D:3)
  3 kobolds (D:3)
  A quokka (D:3)
  A frilled lizard (D:3)
18 creatures vanquished.

Notes
Turn   | Place    | Note
-------+----------+-------------------------------------------
     0 | D:1      | darkhara the Demigod Fire Elementalist began the quest for the Orb.
     0 | D:1      | Reached XP level 1. HP: 14/14 MP: 5/5
   127 | D:3      | Reached skill level 1 in Conjurations
   200 | D:3      | Reached XP level 2. HP: 12/20 MP: 1/7
   221 | D:3      | Reached skill level 3 in Fire Magic
   635 | D:3      | Reached XP level 3. HP: 18/26 MP: 7/9
   636 | D:3      | Noticed Sigmund
   664 | D:3      | Slain by an orc

Skill      XL: |  1  2 |
---------------+-------+-----
Conjurations   | 1 |  1.1
Spellcasting   | 2 |  2.2
Fire Magic     | 3 |  3.1
Dodging        | 2 |  2.1
Stealth        | |  1.9

Action                   || total
-------------------------++-------
Melee: Mace              ||    18
       Unarmed           ||     1
 Cast: Flame Tongue      ||    36
  Use: Scroll            ||     1
       Potion            ||     1
Armor: Robe              ||     7
Dodge: Dodged            ||    42
